 Dungeon Crawl Stone Soup version 0.28.0-45-g0d030f2227 (webtiles) character file.

Game seed: 11943016491712616246

1465 MisterFreud the Covert (level 8, -1/67 HPs)
             Began as a Gnoll Delver on May 16, 2022.
             Was an Initiate of Gozag.
             Slain by a troll (10 damage)
             ... on level 7 of the Dungeon.
             The game lasted 00:10:06 (7472 turns).

MisterFreud the Covert (Gnoll Delver)               Turns: 7472, Time: 00:10:08

Health: -1/67      AC:  5    Str: 12    XL:     8   Next: 77%
Magic:  13/13      EV: 13    Int: 18    God:    Gozag
Gold:   231        SH:  0    Dex: 13    Spells: 11/14 levels left

rFire   . . .      SeeInvis .   y - +2 dagger (pain)
rCold   . . .      Faith    .   (no shield)
rNeg    . . .      Spirit   .   b - +0 leather armour
rPois   .          Reflect  .   t - +0 helmet
rElec   .          Harm     .   (no cloak)
rCorr   .          Rampage  .   (no gloves)
Will    .....                   h - +0 pair of boots
Stlth   ++++......              (no amulet)
HPRegen 0.21/turn               E - +6 ring of intelligence
MPRegen 0.13/turn               m - ring of wizardry

@: no status effects
A: fangs 1, strong nose, distributed training
a: Renounce Religion, Potion Petition, Call Merchant, Bribe Branch


You were on level 7 of the Dungeon.
You worshipped Gozag.
Gozag was aware of your devotion.
You visited 1 branch of the dungeon, and saw 7 of its levels.

You collected 916 gold pieces.
You spent 685 gold pieces at shops.

Inventory:

Hand Weapons
 a - a +0 short sword
 u - a +0 dagger of venom
 y - a +2 dagger of pain (weapon)
Missiles
 k - 6 javelins (quivered)
 x - 9 poisoned darts
 I - 5 curare-tipped darts
Armour
 b - a +0 leather armour (worn)
 h - a +0 pair of boots (worn)
 t - a +0 helmet (worn)
Jewellery
 m - a ring of wizardry (right hand)
 E - a +6 ring of intelligence (left hand)
Wands
 g - a wand of digging (17)
 w - a wand of paralysis (13)
 C - a wand of iceblast (13)
Scrolls
 c - 3 scrolls of fog
 d - 2 scrolls of magic mapping
 e - 4 scrolls of fear
 l - 7 scrolls of teleportation
 n - a scroll of torment {unknown}
 p - a scroll of noise {unknown}
 r - a scroll of enchant weapon {unknown}
 v - a scroll of summoning {unknown}
 A - a scroll of brand weapon
 B - a scroll of amnesia
Potions
 f - a potion of haste
 i - 2 potions of might
 j - a potion of ambrosia
 o - a potion of resistance
 q - a potion of mutation
 s - a potion of brilliance {unknown}
 z - a potion of magic {unknown}
 D - a potion of attraction {unknown}
 F - 2 potions of heal wounds
 G - a potion of invisibility
 H - 3 potions of curing


   Skills:
 + Level 7.5 Fighting
 + Level 5.8 Short Blades
 + Level 3.5 Long Blades
 + Level 3.5 Axes
 + Level 3.5 Maces & Flails
 + Level 3.5 Polearms
 + Level 3.5 Staves
 + Level 3.5 Slings
 + Level 3.5 Bows
 + Level 3.5 Crossbows
 + Level 3.5 Throwing
 + Level 3.5 Armour
 + Level 5.8 Dodging
 + Level 10.2 Stealth
 + Level 3.5 Shields
 + Level 3.5 Unarmed Combat
 + Level 3.5 Spellcasting
 + Level 2.9 Conjurations
 + Level 2.9 Hexes
 + Level 2.9 Summonings
 + Level 2.9 Necromancy
 + Level 2.9 Translocations
 + Level 2.9 Transmutations
 + Level 2.9 Fire Magic
 + Level 2.9 Ice Magic
 + Level 2.9 Air Magic
 + Level 2.9 Earth Magic
 + Level 2.9 Poison Magic
 + Level 3.9 Invocations
 + Level 3.5 Evocations


You had 11 spell levels left.
You knew the following spells:

 Your Spells              Type           Power      Damage    Failure   Level
a - Lesser Beckoning      Tloc           13%        N/A       8%          3

Your spell library contained the following spells:

 Spells                   Type           Power      Damage    Failure   Level
 Gell's Gravitas          Tloc           13%        N/A       8%          3
 Teleport Other           Tloc           13%        N/A       8%          3


Dungeon Overview and Level Annotations

Branches:
Dungeon (7/15)             Temple (0/1) D:5

Altars:
Gozag
Hepliaklqana
Makhleb
Okawaru
Sif Muna
Trog

Shops:
D:4 ?(   D:5 !   D:6 *

Annotations:
D:2 1 runed translucent door, Crazy Yiuf
D:5 2 runed translucent doors, Seraphu's ghost, novice HOFi
D:6 2 transporters, diceflayer's ghost, novice MiFi


Innate Abilities, Weirdness & Mutations

You have very sharp teeth.
Your uncanny sense of smell can sniff out nearby items.
Your experience applies equally to all skills.


Message History

You hit the orc.
You kill the orc!
The orc hits you from afar with a +0 trident.
There is a stone staircase leading up here.
You climb upwards.
Level annotation: 2 runed translucent doors, Seraphu's ghost, novice HOFi
There is a stone staircase leading down here.
You start resting.
HP restored.
You climb downwards.
Level annotation: 2 transporters, diceflayer's ghost, novice MiFi
There is a stone staircase leading up here.
There is an entrance to Gigef's General Store here.
There is a stone staircase leading down here.
You climb downwards.
Found a stone staircase leading down.
There is a stone staircase leading up here.
Found a morningstar.
The troll shouts!
The troll bites you! The troll barely misses you.
The troll claws you but does no damage.
You hit the troll.
The troll is lightly wounded.
The troll bites you! The troll claws you but does no damage.
The troll closely misses you.
You hit the troll but do no damage. You hit the troll.
The troll writhes in agony.
The troll is lightly wounded.
The troll bites you but does no damage. The troll misses you.
The troll claws you!
You hit the troll.
The troll writhes in agony.
The troll is lightly wounded.
The troll bites you! The troll claws you! The troll misses you.
You hit the troll.
The troll is lightly wounded.
The troll bites you!
* * * LOW HITPOINT WARNING * * *
The troll barely misses you. The troll claws you!
You die...
Your body crumbles into a pile of gold.

####... #..
..>..## #...
.....##....
#........##
##.........#
#.........)#
#........#
#<.@T..#
#...#####
#...##
#....##
#....#
....## ...#
.. ..# ..


You could see a troll.

Vanquished Creatures
  Grinder (D:5)
  A wyvern (D:5)
  Edmund (D:4)
  A centaur (D:6)
  An ogre (D:4)
  A phantom (D:4)
  A kobold brigand (D:6)
  A water moccasin skeleton (D:4)
  A centaur zombie (D:7)
  3 hounds
  A jelly (D:6)
  3 orc priests
  Jessica (D:2)
  5 iguanas
  2 orc wizards
  A hound skeleton (D:4)
  Robin (D:2)
  A howler monkey zombie (D:6)
  7 adders
  An ufetubus (D:4)
  An adder skeleton (D:4)
  A worm (D:3)
  4 dart slugs
  8 orcs
  11 ball pythons
  10 endoplasms
  A giant cockroach (D:2)
  16 goblins
  3 hobgoblins
  7 jackals
  6 quokkas
  7 bats
  A frilled lizard (D:3)
  8 kobolds
  7 rats
126 creatures vanquished.

Notes
Turn   | Place    | Note
-------+----------+-------------------------------------------
     0 | D:5      | Reached skill level 9 in Stealth
     0 | D:5      | MisterFreud the Gnoll Delver began the quest for the Orb.
     0 | D:5      | Reached XP level 1. HP: 23/23 MP: 1/1
     1 | D:6      | Noticed an iguana
     5 | D:6      | Killed an iguana
     6 | D:6      | Reached XP level 2. HP: 29/29 MP: 2/2
     6 | D:6      | Reached XP level 3. HP: 35/35 MP: 3/3
    21 | D:5      | Noticed Grinder
    41 | D:7      | Reached skill level 1 in Long Blades
    41 | D:7      | Reached skill level 1 in Axes
    41 | D:7      | Reached skill level 1 in Maces & Flails
    41 | D:7      | Reached skill level 1 in Polearms
    41 | D:7      | Reached skill level 1 in Staves
    41 | D:7      | Reached skill level 1 in Slings
    41 | D:7      | Reached skill level 1 in Bows
    41 | D:7      | Reached skill level 1 in Crossbows
    41 | D:7      | Reached skill level 1 in Throwing
    41 | D:7      | Reached skill level 1 in Armour
    41 | D:7      | Reached skill level 1 in Shields
    41 | D:7      | Reached skill level 1 in Unarmed Combat
    41 | D:7      | Reached skill level 1 in Spellcasting
    41 | D:7      | Reached skill level 1 in Invocations
    41 | D:7      | Reached skill level 1 in Evocations
    41 | D:7      | Reached XP level 4. HP: 25/41 MP: 3/5
    86 | D:7      | Noticed a troll
   176 | D:6      | Noticed a steam dragon
   176 | D:6      | Noticed a centaur
   176 | D:6      | Noticed diceflayer's ghost (novice MiFi)
   179 | D:6      | Found a transporter.
   179 | D:6      | Noticed an ogre
   179 | D:6      | Noticed a bullfrog
   215 | D:6      | Found Gigef's General Store.
   324 | D:6      | Bought a scroll of teleportation for 39 gold pieces
   329 | D:5      | Found a runed translucent door.
   338 | D:5      | Found Sifuhim's Distillery.
   338 | D:5      | Noticed Seraphu's ghost (novice HOFi)
   357 | D:5      | Found a runed translucent door.
   365 | D:4      | Found Fishre's Antique Weapon Boutique.
   696 | D:1      | Reached skill level 1 in Conjurations
   696 | D:1      | Reached skill level 1 in Hexes
   696 | D:1      | Reached skill level 1 in Summonings
   696 | D:1      | Reached skill level 1 in Necromancy
   696 | D:1      | Reached skill level 1 in Translocations
   696 | D:1      | Reached skill level 1 in Transmutations
   696 | D:1      | Reached skill level 1 in Fire Magic
   696 | D:1      | Reached skill level 1 in Ice Magic
   696 | D:1      | Reached skill level 1 in Air Magic
   696 | D:1      | Reached skill level 1 in Earth Magic
   696 | D:1      | Reached skill level 1 in Poison Magic
  1158 | D:2      | Found a faded altar of an unknown god.
  1189 | D:2      | Reached XP level 5. HP: 35/47 MP: 6/6
  1191 | D:2      | Prayed at the altar of an unknown god.
  1191 | D:2      | Became a worshipper of Gozag Ym Sagoz the Greedy
  1447 | D:2      | Found a runed translucent door.
  1448 | D:2      | Noticed Crazy Yiuf
  1694 | D:2      | Noticed Robin
  1967 | D:2      | Killed Robin
  1997 | D:2      | Noticed Jessica
  2014 | D:2      | Killed Jessica
  3115 | D:3      | Reached XP level 6. HP: 53/53 MP: 8/8
  3307 | D:3      | Found a burning altar of Makhleb.
  3309 | D:3      | Found a bloodstained altar of Trog.
  3727 | D:3      | Found a shimmering blue altar of Sif Muna.
  3730 | D:3      | Found a hazy altar of Hepliaklqana.
  3731 | D:3      | Found an iron altar of Okawaru.
  3773 | D:4      | Reached skill level 5 in Short Blades
  3773 | D:4      | Reached skill level 5 in Dodging
  3948 | D:4      | Found Luakonil's Magic Scroll Emporium.
  3955 | D:4      | Bought a scroll of teleportation for 30 gold pieces
  3955 | D:4      | Bought a scroll of identify for 20 gold pieces
  3955 | D:4      | Bought a scroll of fog for 20 gold pieces
  3955 | D:4      | Bought a scroll of fear for 35 gold pieces
  3955 | D:4      | Bought a scroll of brand weapon for 200 gold pieces
  3955 | D:4      | Bought a scroll of amnesia for 35 gold pieces
  3955 | D:4      | Bought a scroll of identify for 20 gold pieces
  4371 | D:4      | Reached XP level 7. HP: 59/59 MP: 10/10
  5223 | D:4      | Noticed Edmund
  5244 | D:4      | Killed Edmund
  5245 | D:4      | Reached skill level 10 in Stealth
  5762 | D:5      | Noticed a wyvern
  5763 | D:5      | Killed a wyvern
  5764 | D:5      | Reached XP level 8. HP: 67/67 MP: 12/12
  5776 | D:5      | Found a staircase to the Ecumenical Temple.
  5907 | D:5      | Learned a level 3 spell: Lesser Beckoning
  5964 | D:5      | Paralysed by Grinder for 2 turns
  5988 | D:5      | Paralysed by Grinder for 3 turns
  5992 | D:5      | Killed Grinder
  6274 | D:5      | Bought a potion of heal wounds for 65 gold pieces
  6274 | D:5      | Bought a potion of invisibility for 104 gold pieces
  6274 | D:5      | Bought a potion of curing for 39 gold pieces
  6274 | D:5      | Bought a potion of curing for 39 gold pieces
  6274 | D:5      | Bought a potion of curing for 39 gold pieces
  6973 | D:6      | Found a transporter.
  7463 | D:7      | Noticed a troll
  7472 | D:7      | Slain by a troll

Illustrated notes

Levels and vault maps discovered:
D:1:      tarquinn_simple_flora_water_e, layout_basic, hangedman_decor_growths
D:2:      layout_basic, nicolae_ecumenical_snake_handling,
          minmay_tiny_reverse_x, uniq_robin, uniq_jessica,
          uniq_crazy_yiuf_cottage
D:3:      layout_basic, minitemple
D:4:      cheibrodos_old_hovel, layout_gridville, serial_shops,
          nicolae_shop_waterfront, nicolae_shop_advertising_works
          [nicolae_subvault_shop_adworks], uniq_edmund
D:5:      layout_basic, minmay_temple_entry_grid, serial_shops, shop_fountains,
          ebering_ghost_sewer_f, st_stairs_3, uniq_grinder
D:6:      layout_loops_cross, gammafunk_ghost_arena, serial_shops,
          nicolae_stop_n_shop_1
D:7:      layout_cave_pods, serial_column_ruins, column_ruins_hut,
          column_ruins_open_tiny, column_ruins_open_small,
          column_ruins_open_small_water, column_ruins_corridor_straight,
          hellmonk_guarded_unrand_lears, uniq_maggie

Skill      XL: |  1  2  3  4  5  6  7  8 |
---------------+-------------------------+-----
Stealth        | 10 | 10.2
Long Blades    | 1 2 3 |  3.5
Axes           | 1 2 3 |  3.5
Maces & Flails | 1 2 3 |  3.5
Polearms       | 1 2 3 |  3.5
Staves         | 1 2 3 |  3.5
Slings         | 1 2 3 |  3.5
Bows           | 1 2 3 |  3.5
Crossbows      | 1 2 3 |  3.5
Throwing       | 1 2 3 |  3.5
Armour         | 1 2 3 |  3.5
Shields        | 1 2 3 |  3.5
Unarmed Combat | 1 2 3 |  3.5
Spellcasting   | 1 2 3 |  3.5
Invocations    | 1 2 3 |  3.9
Evocations     | 1 2 3 |  3.5
Conjurations   | 1 2 |  2.9
Hexes          | 1 2 |  2.9
Summonings     | 1 2 |  2.9
Necromancy     | 1 2 |  2.9
Translocations | 1 2 |  2.9
Transmutations | 1 2 |  2.9
Fire Magic     | 1 2 |  2.9
Ice Magic      | 1 2 |  2.9
Air Magic      | 1 2 |  2.9
Earth Magic    | 1 2 |  2.9
Poison Magic   | 1 2 |  2.9
Short Blades   | 5 |  5.8
Dodging        | 5 |  5.8
Fighting       | 7 |  7.5

Action                   |  1- 3 |  4- 6 |  7- 9 || total
-------------------------+-------+-------+-------++-------
Melee: Short sword       |    11 |   206 |       ||   217
       Bite              |     1 |    26 |    31 ||    58
       Punch             |       |     6 |    10 ||    16
       Dagger            |       |    56 |   195 ||   251
Throw: Dart              |       |       |     3 ||     3
 Cast: Lesser Beckoning  |       |       |     1 ||     1
  Use: Scroll            |       |     4 |       ||     4
 Stab: Sleeping          |     1 |    24 |    15 ||    40
       Distracted        |       |       |     1 ||     1
Armor: Leather armour    |     1 |    44 |    36 ||    81
Dodge: Dodged            |    15 |   158 |    87 ||   260
